 Dungeon Crawl Stone Soup version 0.25-a0-479-g8579842fd4 (webtiles) character file.

Game seed: 13643730114981351022, levelgen mode: deterministic

1484 Roikka the Blocker (level 8, -5/69 HPs)
             Began as a Minotaur Fighter on Feb 8, 2020.
             Slain by a shadow (12 damage)
             ... on level 2 of the Abyss on Feb 9, 2020.
             The game lasted 00:13:15 (5058 turns).

Roikka the Blocker (Minotaur Fighter)               Turns: 5058, Time: 00:13:16

Health: -5/69      AC:  8    Str: 23    XL:     8   Next: 50%
Magic:  7/7        EV: 13    Int:  5    God:
Gold:   326        SH: 13    Dex: 15    Spells: 7/7 levels left

rFire    . . .     SeeInvis .   t - +2 hand axe (elec)
rCold    . . .     Gourm    .   c - +1 shield
rNeg     . . .     Faith    .   b - +0 scale mail
rPois    .         Spirit   .   (helmet restricted)
rElec    .         Reflect  .   u - +0 cloak
rCorr    +         Harm     .   (no gloves)
MR       +....                  (no boots)
Stlth    +.........             z - amulet of regeneration
HPRegen  0.61/turn              p - ring of resist corrosion
MPRegen  0.10/turn              q - ring of protection from magic

@: agile, lightly drained
A: retaliatory headbutt, horns 2
a: no special abilities


You were on level 2 of the Abyss.
You were not hungry.

You visited 1 branch of the dungeon, and saw 6 of its levels.
You visited the Abyss 1 time.

You collected 326 gold pieces.

Inventory:

Hand Weapons
 a - a +0 war axe
 t - a +2 hand axe of electrocution (weapon)
Armour
 b - a +0 scale mail (worn)
 c - a +1 shield (worn)
 u - a +0 cloak (worn)
Jewellery
 p - a ring of resist corrosion (left hand)
 q - a ring of protection from magic (right hand)
 x - an uncursed ring of flight
 y - an uncursed amulet of rage
 z - an amulet of regeneration (around neck)
Wands
 r - a wand of flame (14)
Scrolls
 i - 4 scrolls of identify
 k - a scroll of remove curse
 l - 2 scrolls of teleportation
 o - 2 scrolls of enchant weapon
 v - a scroll of enchant armour
 B - a scroll of immolation {unknown}
Potions
 d - 2 potions of might
 e - a potion of heal wounds
 g - a potion of mutation {unknown}
 h - 2 potions of agility
 j - 2 potions of degeneration {unknown}
 m - a potion of ambrosia {unknown}
 n - 2 potions of curing {unknown}
 s - a potion of flight {unknown}
 w - a potion of brilliance {unknown}
 A - a potion of haste {unknown}
Comestibles
 f - 15 rations


   Skills:
 + Level 5.5(5.2) Fighting
 * Level 8.4(8.1) Axes
 + Level 5.3(5.0) Armour
 * Level 8.8(8.6) Shields


You had 7 spell levels left.
You didn't know any spells.
Your spell library was empty.

Dungeon Overview and Level Annotations

Branches:
Dungeon (6/15)
 Temple: D:4-7

Altars:
Dithmenos
Elyvilon
Ru

Shops:
D:6 *

Portals:
Abyss: D:6

Annotations:
D:6 1 transporter, Supaplex's ghost, novice GnTm


Innate Abilities, Weirdness & Mutations

You reflexively headbutt those who attack you in melee.
You have a pair of horns on your head.


Message History

The shadow slips into darkness.
The shadow flickers and vanishes!
Deactivating autopickup; reactivate with Ctrl-A.
An Executioner comes into view.
The Executioner gives a hideous shriek!
The Executioner misses you.
The Executioner hits you but does no damage.
You block the Executioner's attack. The Executioner hits you.
The Executioner hits you but does no damage.
The Executioner hits you.
You hit something. You headbutt something. You closely miss the Executioner.
The Executioner hits you!!
The Executioner hits you but does no damage.
The Executioner barely misses you. The Executioner hits you!!
* * * LOW HITPOINT WARNING * * *
The Executioner closely misses you.
The Executioner hits you but does no damage.
The shadow strikes at you from the darkness!
You die...

... .. ### .. ..#.
##. #. .. ..###
.... ...#### ##
#.###.##1.# ......
..#@#...#
#.....#....# ##.
#..#.#####.... .
##..##..# ..#.# #
....#. ...## ...#
# ##..#..#.#.#.#
###. ## #..###
##.#.###... ..
.....#.####.#.#.##
# #. ### .##..
.#..#...


You could see an Executioner.

Vanquished Creatures
  A toenail golem (D:6)
  A black bear (D:6)
  A centaur (D:6)
  An ogre (D:6)
  A necrophage (D:6)
  A phantom (D:5)
  2 small abominations (D:6)
  A scorpion (D:6)
  A howler monkey (D:4)
  A centaur zombie (D:5)
  A quasit (D:6)
  A hound (D:4)
  2 orc wizards
  A gnoll shaman (D:6)
  An iguana (D:6)
  A worker ant (D:5)
  5 gnolls (D:6)
  10 adders
  An ooze (D:4)
  An adder skeleton (D:6)
  2 worms
  A dart slug (D:1)
  3 leopard geckos
  14 orcs
  5 giant cockroaches
  9 goblins
  2 hobgoblins (D:3)
  10 jackals
  2 quokkas
  2 ball pythons
  7 bats
  5 frilled lizards
  4 kobolds
  A leopard gecko skeleton (D:5)
  A quokka skeleton (D:6)
  12 rats
115 creatures vanquished.

Notes
Turn   | Place    | Note
-------+----------+-------------------------------------------
     0 | D:1      | Roikka the Minotaur Fighter began the quest for the Orb.
     0 | D:1      | Reached XP level 1. HP: 19/19 MP: 0/0
   255 | D:1      | Reached XP level 2. HP: 25/27 MP: 1/1
  1112 | D:2      | Reached XP level 3. HP: 33/33 MP: 2/2
  1541 | D:2      | Reached XP level 4. HP: 35/40 MP: 3/3
  1569 | D:2      | Found a white marble altar of Elyvilon.
  2216 | D:3      | Reached skill level 5 in Shields
  2431 | D:3      | Reached XP level 5. HP: 35/46 MP: 4/4
  2599 | D:3      | Upgraded the game from 0.25-a0-474-ga8a2ee3166 to
                  | 0.25-a0-479-g8579842fd4
  3074 | D:4      | Reached skill level 5 in Axes
  3246 | D:4      | Reached XP level 6. HP: 47/52 MP: 5/5
  3371 | D:5      | Entered Level 5 of the Dungeon
  3808 | D:5      | Found a shadowy altar of Dithmenos.
  3966 | D:6      | Found a sacrificial altar of Ru.
  3984 | D:6      | Reached XP level 7. HP: 59/59 MP: 6/6
  4068 | D:6      | Found a transporter.
  4072 | D:6      | Found a one-way gate to the infinite horrors of the Abyss.
  4072 | D:6      | Noticed Supaplex's ghost (novice GnTm)
  4075 | D:6      | Noticed a toenail golem
  4082 | D:6      | Found Vabolela's Lightly-Used Armoury.
  4340 | D:6      | Found a transporter.
  4790 | D:6      | Reached XP level 8. HP: 45/67 MP: 7/7
  4804 | D:6      | Reached skill level 5 in Fighting
  4839 | D:6      | Killed a toenail golem
  4839 | D:6      | Reached skill level 5 in Armour
  4934 | D:6      | Cast into level 2 of the Abyss (orc warrior)
  4953 | Abyss:2  | Noticed a large abomination
  4965 | Abyss:2  | Noticed a freezing wraith
  4970 | Abyss:2  | Found an ornate altar of the Wu Jian Council.
  4970 | Abyss:2  | Noticed a salamander
  4970 | Abyss:2  | a shapeshifter changed into a salamander
  4970 | Abyss:2  | Noticed a starcursed mass
  4989 | Abyss:2  | Found a corrupted altar of Lugonu.
  5000 | Abyss:2  | Noticed a large abomination
  5028 | Abyss:2  | Noticed a smoke demon
  5055 | Abyss:2  | Noticed an Executioner
  5058 | Abyss:2  | Slain by a shadow

Levels and vault maps discovered:
D:1:      kilobyte_arrival_exit_the_forest, layout_basic
D:2:      layout_basic, elyvilon_altar_3, first_ration
D:3:      layout_basic, chequers_mini_garden
D:4:      layout_rooms
D:5:      layout_basic, nicolae_dithmenos_shadow_blocks, kennysheep_small_spiral
D:6:      layout_basic, gammafunk_ghost_abyssal_escape,
          minmay_misc_feat_nine_boxes, minmay_shop_damaged,
          nicolae_ru_awakened_eye
Abyss:2:  base: D:5, evilmike_abyss_exit_1, minivault_26, hangedman_abyss_town,
          guppyfry_abyss_exit_glass_guarded

Skill      XL: |  1  2  3  4  5  6  7  8 |
---------------+-------------------------+-----
Fighting       | 4 5 |  5.5
Shields        | 4 5 6 7 8 |  8.8
Axes           | 3 4 5 6 7 8 |  8.4
Armour         | 4 5 |  5.3

Action                   |  1- 3 |  4- 6 |  7- 9 || total
-------------------------+-------+-------+-------++-------
Melee: War axe           |    91 |     7 |       ||    98
       Headbutt          |    13 |    19 |    13 ||    45
       Hand axe          |       |   115 |    88 ||   203
  Use: Scroll            |       |     7 |     4 ||    11
       Potion            |       |       |     2 ||     2
  Eat: Chunk             |     2 |     8 |     3 ||    13
Armor: Scale mail        |    43 |    53 |    22 ||   118
Dodge: Dodged            |    29 |    45 |    24 ||    98
Block: Shield            |    48 |    60 |    41 ||   149

Table legend:
 A = Non-vault XP
 B = Vault XP
 C = Vault XP percentage of total XP
 D = Non-vault monster count
 E = Vault monster count
 F = Vault count percentage of total count
                 A         B        C        D         E       F
            +---------+---------+-------+---------+---------+-------
      Total |    1369 |     752 |  35.5 |     111 |       4 |   3.5
            +---------+---------+-------+---------+---------+-------
        D:1 |      27 |       0 |   0.0 |      18 |       0 |   0.0
        D:2 |      78 |       0 |   0.0 |      28 |       0 |   0.0
        D:3 |     106 |       0 |   0.0 |      19 |       0 |   0.0
        D:4 |     174 |       0 |   0.0 |      11 |       0 |   0.0
        D:5 |     237 |       0 |   0.0 |      13 |       0 |   0.0
        D:6 |     747 |     752 |  50.2 |      22 |       4 |  15.4
            +---------+---------+-------+---------+---------+-------
